 Dungeon Crawl Stone Soup version 0.22-a0-558-gc224181 (webtiles) character file.

7 pk666 the Magician (level 1, 0/10 HPs)
             Began as a Deep Elf Wizard on June 26, 2018.
             Slain by a jackal (3 damage)
             ... on level 1 of the Dungeon.
             The game lasted 00:00:56 (253 turns).

pk666 the Magician (Deep Elf Wizard)                 Turns: 253, Time: 00:00:57

Health: 0/10       AC:  2    Str:  4    XL:     1   Next: 83%
Magic:  3/8        EV: 14    Int: 22    God:
Gold:   10         SH:  0    Dex: 13    Spells: 8/9 levels left

rFire    . . .     SeeInvis .   i - +0 dagger
rCold    . . .     Gourm    .   (no shield)
rNeg     . . .     Faith    .   a - +0 robe
rPois    .         Spirit   .   b - +0 hat
rElec    .         Reflect  .   (no cloak)
rCorr    .         Harm     .   (no gloves)
MR       .....                  (no boots)
Stlth    ++........             (no amulet)
HPRegen  0.03/turn              j - +1 ring of evasion
MPRegen  0.11/turn              (no ring)

@: no status effects
A: no striking features
a: no special abilities


You were on level 1 of the Dungeon.
You were not hungry.

You visited 1 branch of the dungeon, and saw 1 of its levels.

You collected 10 gold pieces.

Inventory:

Hand Weapons
 i - a +0 dagger (weapon)
Armour
 a - a +0 robe (worn)
 b - a +0 hat (worn)
Jewellery
 j - a +1 ring of evasion (left hand)
Scrolls
 c - a scroll of fear {unknown}
 e - a scroll of teleportation {unknown}
 l - a scroll of enchant armour {unknown}
Potions
 f - a potion of resistance {unknown}
 g - a potion of degeneration {unknown}
 k - 2 potions of curing {unknown}
Comestibles
 d - a ration
 h - a chunk of flesh


   Skills:
 - Level 2.4 Dodging
 - Level 2.4 Stealth
 + Level 4.7 Spellcasting
 + Level 1.7 Conjurations
   Level 1.1 Summonings
   Level 1.1 Translocations


You had 8 spell levels left.
You knew the following spells:

 Your Spells              Type           Power        Failure   Level  Hunger
a - Magic Dart            Conj           ##..         5%          1    None

Your spell library contained the following spells:

 Spells                   Type           Power        Failure   Level  Hunger
 Conjure Flame            Conj/Fire      #.......     22%         3    ##.....
 Slow                     Hex            #.......     16%         2    None
 Mephitic Cloud           Conj/Pois/Air  #.......     24%         3    ##.....
 Blink                    Tloc           N/A          10%         2    None
 Call Imp                 Summ           ##......     10%         2    None


Dungeon Overview and Level Annotations

Branches:
Dungeon (1/15)

Altars:


Message History

The jackal barely misses you. The jackal closely misses you.
The jackal bites you. The jackal misses you. The jackal misses you.
The jackal completely misses you. The jackal barely misses you.
The jackal barely misses you. The jackal bites you.
The kobold barely misses you. The jackal barely misses you.
The jackal bites you but does no damage.
The jackal closely misses you. The giant cockroach barely misses you.
The jackal barely misses you. The giant cockroach bites you.
* * * LOW HITPOINT WARNING * * *
You barely miss the jackal. The jackal misses you.
The giant cockroach closely misses you. The kobold barely misses you.
The jackal misses you. The giant cockroach closely misses you.
The jackal bites you.
You die...

#.....#≈...≈#..#.#
#...#.≈≈≈≈≈.#(#..
####...#.#.#.#...#.
#...###.#.#.#.##.##
#...##.#.#.#.#.#.Kr
#.....#.#.#.#.##.##
#.sK.###..#.###...#
#.hr......r.....#..
#.@.#...........#..
#...#...........#.#
#...######.....##..
#...# ####......
##### #......
...###. ..### #. .#


You could see a jackal, a giant cockroach, a kobold and a rat.

Vanquished Creatures
  A giant cockroach (D:1)
  A goblin (D:1)
  A jackal (D:1)
  A frilled lizard (D:1)
  2 kobolds (D:1)
6 creatures vanquished.

Notes
Turn   | Place    | Note
-------+----------+-------------------------------------------
     0 | D:1      | pk666 the Deep Elf Wizard began the quest for the Orb.
     0 | D:1      | Reached XP level 1. HP: 10/10 MP: 7/7
   253 | D:1      | Slain by a jackal

Vault maps used:
D:1:      ncdulo_watergridlock

Action                   || total
-------------------------++-------
Melee: Dagger            ||    11
 Cast: Magic Dart        ||    22
Armor: Robe              ||     4
Dodge: Dodged            ||    43

Table legend:
 A = Spawn XP
 B = Non-spawn XP
 C = Spawn XP percentage of total XP
 D = Spawn monster count
 E = Non-spawn monster count
 F = Spawn count percentage of total count
 G = Total turns spent on level
                    A         B        C        D         E        F      G
               +---------+---------+-------+---------+---------+-------+---------
         Total |       0 |      10 |   0.0 |       0 |       6 |   0.0 |   253
               +---------+---------+-------+---------+---------+-------+---------
           D:1 |       0 |      10 |   0.0 |       0 |       6 |   0.0 |   253
               +---------+---------+-------+---------+---------+-------+---------
